 Dungeon Crawl Stone Soup version 0.29-a0-474-gdfe5cd140f (webtiles) character file.

Game seed: 17202495592077963959

66 hquester the Sneak (level 3, 0/17 HPs)
             Began as a Spriggan Enchanter on May 23, 2022.
             Killed from afar by an orc wizard (9 damage)
             ... with a magic dart
             ... on level 3 of the Dungeon.
             The game lasted 00:08:51 (3203 turns).

hquester the Sneak (Spriggan Enchanter)             Turns: 3203, Time: 00:08:53

Health: 0/17       AC:  3    Str:  4    XL:     3   Next: 96%
Magic:  6/8        EV: 18    Int: 16    God:
Gold:   126        SH:  0    Dex: 17    Spells: 6/8 levels left

rFire   . . .      SeeInvis +   a - +2 dagger
rCold   . . .      Faith    .   (no shield)
rNeg    . . .      Spirit   .   b - +1 robe
rPois   .          Reflect  +   (helmet restricted)
rElec   .          Harm     .   (no cloak)
rCorr   .          Rampage  .   (gloves unavailable)
Will    .....                   (boots unavailable)
Stlth   +.........              i - amulet of reflection
HPRegen 0.05/turn               (no ring)
MPRegen 0.11/turn               (no ring)

@: confused, very quick
A: very small, no large weapons, unfitting armour, see invisible, speed 3
a: no special abilities


You were on level 3 of the Dungeon.
You visited 1 branch of the dungeon, and saw 3 of its levels.

You collected 126 gold pieces.

Inventory:

Hand Weapons
 a - a +2 dagger (weapon)
 g - a +0 dagger of flaming
Armour
 b - a +1 robe (worn)
Jewellery
 i - an amulet of reflection (around neck)
 n - an amulet of faith
Scrolls
 d - a scroll of enchant armour
Potions
 c - 3 potions of invisibility
 h - a potion of heal wounds
 j - a potion of curing
 k - a potion of cancellation
 m - 2 potions of might
 o - a potion of brilliance {unknown}
 p - a potion of degeneration {unknown}
 r - a potion of attraction {unknown}


   Skills:
 + Level 0.9 Fighting
 + Level 1.9 Short Blades
 + Level 3.2 Dodging
 + Level 5.0 Stealth
 + Level 0.3 Shields
 + Level 3.2 Spellcasting
 + Level 4.0 Hexes


You had 6 spell levels left.
You knew the following spells:

 Your Spells              Type           Power      Damage    Failure   Level
a - Ensorcelled Hibernat  Hex/Ice        18%        N/A       12%         2

Your spell library contained the following spells:

 Spells                   Type           Power      Damage    Failure   Level
 Confusing Touch          Hex            15%        N/A       11%         3
 Tukima's Dance           Hex            15%        N/A       11%         3
 Dazzling Flash           Conj/Hex       18%        N/A       24%         3
 Inner Flame              Hex/Fire       9%         N/A       24%         3
 Cause Fear               Hex            7%         N/A       34%         4
 Discord                  Hex            7%         N/A       100%        8


Dungeon Overview and Level Annotations

Branches:
Dungeon (3/15)

Altars:

Shops:
D:2 !


Innate Abilities, Weirdness & Mutations

You are very small and have problems with some larger weapons.
You are too small for most types of armour.
You have supernaturally acute eyesight. (SInv)
You cover ground extremely quickly. (Speed+++)


Message History

You kill the orc!
Items here: )) ††.
You start resting.
HP restored.
There is a stone staircase leading down here.
You can't go up here!
You climb downwards.
The goblin shoots a sling bullet.
The sling bullet hits you.
There is a stone staircase leading up here.
A rat comes into view.
The goblin unwields a +0 hunting sling.
The goblin wields a +0 dagger.
The goblin completely misses you.
The orc priest shouts!
You hit the goblin.
The goblin is severely wounded.
The goblin hits you but does no damage.
You hit the goblin.
You kill the goblin!
You hit the rat.
You kill the rat!
You see here a rat corpse.
Casting: Ensorcelled Hibernation (safe; 12% risk of failure)
Confirm with . or Enter, or press ? or * to list all spells.
Aiming: Ensorcelled Hibernation (safe; 12% risk of failure)
Press: ? - help, Shift-Dir - straight line, f - orc priest
Aim: an orc priest, wielding a +0 short sword (chance to affect: 43%)
The orc priest looks drowsy...
The orc wizard misses you.
The orc priest shouts!
You barely miss the orc priest.
The orc priest hits you but does no damage.
The orc wizard casts a spell at you.
You are confused.
You hit the orc priest.
The orc priest is lightly wounded.
The orc priest hits you with a +0 short sword.
The orc wizard gestures at you while chanting.
The magic dart hits you!
Ouch! That really hurt!
You die...

#..#.#.#.## ##
##.o......... ...
............
#.##..#......# .
#.........#..#..
#.##..#..#.#.......
...................
#<.oo).......
##..##.#@#....###
..........†.>.....
.##..#..#.#....#.#
#..............#
#............#.#
#.##..#.#..#.# # #.
#..#.#..#.# .
......... .
##..#.#.##. .


You could see an orc priest and an orc wizard.

Vanquished Creatures
  2 adders (D:2)
  A dart slug (D:2)
  3 orcs (D:2)
  6 endoplasms
  5 giant cockroaches
  A goblin (D:3)
  2 hobgoblins (D:2)
  3 jackals (D:2)
  3 quokkas
  5 ball pythons
  4 bats
  2 kobolds (D:1)
  3 rats
40 creatures vanquished.

Notes
Turn   | Place    | Note
-------+----------+-------------------------------------------
     0 | D:1      | hquester the Spriggan Enchanter began the quest for the
                  | Orb.
     0 | D:1      | Reached XP level 1. HP: 9/9 MP: 5/5
   384 | D:1      | Reached XP level 2. HP: 14/14 MP: 6/6
  1364 | D:1      | Found a faded altar of an unknown god.
  1801 | D:2      | Learned a level 2 spell: Ensorcelled Hibernation
  2296 | D:2      | Reached XP level 3. HP: 17/17 MP: 8/8
  2509 | D:2      | Found Idyisk's Distillery.
  2940 | D:2      | Reached skill level 5 in Stealth
  3203 | D:3      | Killed from afar by an orc wizard

Illustrated notes

Levels and vault maps discovered:
D:1:      nagdon_arrival_double_spiral, layout_loops_ring,
          hellmonk_ecumenical_altar_inner_sanctum, serial_forest,
          infiniplex_forest_join, infiniplex_forest_straight_3,
          infiniplex_forest_lined_2, infiniplex_forest_lined_2,
          infiniplex_forest_zigzag_1, infiniplex_forest_lined_room_3,
          lemuel_old_faithful
D:2:      layout_basic, serial_shops, shop
D:3:      layout_basic, uniq_grinder, uniq_natasha

Skill      XL: |  1  2  3 |
---------------+----------+-----
Dodging        | 3 |  3.2
Spellcasting   | 3 |  3.2
Hexes          | 4 |  4.0
Stealth        | 5 |  5.0
Fighting       | |  0.9
Short Blades   | |  1.9
Shields        | |  0.3

Action                   || total
-------------------------++-------
Melee: Dagger            ||   116
 Cast: Ensorcelled Hiber ||    10
  Use: Scroll            ||     8
 Stab: Sleeping          ||    18
Armor: Robe              ||    12
Dodge: Dodged            ||    76
Block: Other             ||    13
       Reflection        ||     1

Table legend: (Time is in decaauts)
 A = Elapsed time spent in this place.
 B = Non-inter-level travel time spent in this place.
 C = Inter-level travel time spent in this place.
 D = Time resting spent in this place.
 E = Time spent auto-exploring this place.
 F = Levels seen in this place.
 G = Mean time per level.
                   A        B        C        D        E       F      G
               +--------+--------+--------+--------+--------+-----+--------+
         Total |   2475 |   2441 |     34 |    302 |   1691 |   3 |  825.0 |
       Dungeon |   2475 |   2441 |     34 |    302 |   1691 |   3 |  825.0 |
               +--------+--------+--------+--------+--------+-----+--------+

Top non-repeatable levels by time:
     D:1: 1258 daAuts
     D:2: 1196 daAuts
     D:3: 20 daAuts
